 Dungeon Crawl Stone Soup version 0.31.0-9-g3a7656b989 (webtiles) character file.

Game seed: 11458034978637004052

21 Armakuni the Ducker (level 2, -1/17 HPs)
             Began as a Deep Elf Gladiator on Jan 25, 2024.
             Slain by a goblin
             ... wielding a +0 club
             ... led by Robin
              (3 damage)
             ... on level 2 of the Dungeon.
             The game lasted 00:01:53 (304 turns).

Armakuni the Ducker (Deep Elf Gladiator)             Turns: 304, Time: 00:01:53

Health: -1/17      AC:  4    Str: 10 (11) XL:     2   Next: 62%
Magic:  4/4        EV: 12    Int: 11 (12) God:
Gold:   26         SH:  0    Dex: 14 (16) Spells: 1/1 levels left

rFire   . . .        a - +0 quarterstaff
rCold   . . .        (shield currently unavailable)
rNeg    . . .        b - +0 leather armour
rPois   .            c - +0 helmet
rElec   .            (no cloak)
rCorr   .            (no gloves)
SInv    .            (no boots)
Will    .....        (no amulet)
Stlth   +            (no ring)
HPRegen 0.22/turn    (no ring)
MPRegen 0.09/turn

%: no passive effects
@: mighty
A: no striking features
a: no special abilities


You were on level 2 of the Dungeon.
You visited 1 branch of the dungeon, and saw 2 of its levels.

You collected 26 gold pieces.

Inventory:

Hand Weapons
 a - a +0 quarterstaff (weapon)
Missiles
 d - 3 throwing nets (quivered)
 e - a javelin
Armour
 b - a +0 leather armour (worn)
 c - a +0 helmet (worn)
Scrolls
 g - a scroll of teleportation {unknown}


   Skills:
 + Level 2.2 Fighting
 + Level 3.5 Staves
 - Level 2.0 Throwing
 - Level 3.6 Dodging


You had one spell level left.
You didn't know any spells.
Your spell library was empty.

Dungeon Overview and Level Annotations

Branches:
Dungeon (1/15)

Altars:
Xom

Annotations:
D:2 Robin


Message History

Robin shouts!
The goblin shouts!
You hit the goblin.
You kill the goblin!
The hobgoblin hits you.
The hobgoblin hits you but does no damage.
A hobgoblin comes into view.
Robin throws the goblin at you! The goblin hits you with a +0 club.
You hit the hobgoblin.
The hobgoblin is moderately wounded.
The hobgoblin hits you. The goblin hits you with a +0 club.
* * * LOW HITPOINT WARNING * * *
A goblin comes into view. It is wielding a +0 club.
You are too injured to fight recklessly!
The goblin hits you with a +0 club.
* * * LOW HITPOINT WARNING * * *
Robin throws the goblin at you! The hobgoblin closely misses you.
The goblin barely misses you. The goblin barely misses you.
The hobgoblin attacks as it pursues you!
The hobgoblin hits you.
* * * LOW HITPOINT WARNING * * *
Robin roars a battlecry!
The goblins go into a battle-frenzy!
It was a potion of degeneration.
There was something very wrong with that liquid.
You feel weakened.
You feel dopey.
You feel clumsy. The goblin closely misses you.
A goblin comes into view. It is wielding a +0 club.
You feel very mighty all of a sudden. The goblin hits you but does no damage.
Robin roars a battlecry!
The goblin goes into a battle-frenzy!
You hit the goblin.
The goblin is severely wounded.
The goblin barely misses you.
A goblin comes into view. It is wielding a +0 dagger.
You closely miss the goblin.
The goblin is severely wounded.
The goblin hits you with a +0 club.
You die...

#....##.# ####### #....##.#
#.)...# #.......# #.###.#
#.......# #.#.(.#
#..._...###########.#.###
....)................>#.#
...##......###########.#.######
.. ###.....###### #.#....... .
..#...#.@gg# #.########
##.#...#.##g### #.#
...........g.# #.#
##.#.###.##.#.###)##
#...g.......# #g........#...#
#.)....)..###..# #g#.......#
#..# #.#.......# #...


You could see Robin, 2 hobgoblins and 3 goblins.

Vanquished Creatures
  2 bats
  3 endoplasms
  A giant cockroach (D:1)
  4 goblins
  A hobgoblin (D:1)
  2 jackals (D:1)
  A ball python (D:1)
  2 kobolds (D:1)
  A rat (D:1)
17 creatures vanquished.

Notes
Turn   | Place    | Note
-------+----------+-------------------------------------------
     0 | D:1      | Armakuni the Deep Elf Gladiator began the quest for the
                  | Orb.
     0 | D:1      | Reached XP level 1. HP: 12/12 MP: 3/3
   126 | D:1      | Reached XP level 2. HP: 16/17 MP: 4/4
   191 | D:1      | You fall into a shaft and drop 1 floor!
   191 | D:2      | Found a shimmering altar of Xom.
   292 | D:2      | Identified the +1 helmet of Plog {^Drain rF+ Will+ Str+4}
   292 | D:2      | Noticed Robin
   304 | D:2      | Slain by a goblin

Illustrated notes

Levels and vault maps discovered:
D:1:      minmay_arrival_checkered_box, layout_loops_cross
D:2:      minmay_razor_zed, layout_basic, basic_altar,
          kennysheep_generic_room_13, uniq_robin

Skill      XL: |  1  2 |
---------------+-------+-----
Fighting       | 2 |  2.2
Staves         | |  3.5
Throwing       | |  2.0
Dodging        | |  3.6

Action                     || total
---------------------------++-------
  Melee: Quarterstaff      ||    38
    Use: Scroll            ||     2
         Potion            ||     2
   Stab: Sleeping          ||     1
 Armour: Leather armour    ||    34
  Dodge: Dodged            ||    39
